 Dungeon Crawl Stone Soup version 0.31-a0-198-g2ad674f65e (webtiles) character file.

Game seed: 12636206074610285821

196 qw the Skirmisher (level 5, -2/29 HPs)
             Began as a Deep Elf Hunter on June 25, 2023.
             Slain by a kobold brigand
             ... wielding a +0 dagger
              (4 damage)
             ... in a sewer.
             The game lasted 00:00:56 (2192 turns).

qw the Skirmisher (Deep Elf Hunter)                 Turns: 2192, Time: 00:00:57

Health: -2/29      AC:  5    Str: 10    XL:     5   Next: 45%
Magic:  7/7        EV: 11    Int: 14    God:
Gold:   112        SH:  0    Dex: 18    Spells: 4/4 levels left

rFire   . . .        Y - +0 shortbow
rCold   . . .        (shield currently unavailable)
rNeg    . . .        d - +0 ring mail
rPois   .            (no helmet)
rElec   .            (no cloak)
rCorr   .            (no gloves)
SInv    +            (no boots)
Will    .....        (no amulet)
Stlth   +            k - ring of see invisible
HPRegen 0.24/turn    (no ring)
MPRegen 0.10/turn

%: no passive effects
@: no status effects
A: no striking features
a: no special abilities


You were in a sewer.
You visited 1 branch of the dungeon, and saw 3 of its levels.
You also visited: Sewer.

You collected 112 gold pieces.


   Skills:
 + Level 1.5 Fighting
 - Level 9.0 Ranged Weapons
 - Level 2.4 Dodging
 - Level 1.2 Stealth


You had 4 spell levels left.
You didn't know any spells.
Your spell library was empty.

Inventory:

Hand Weapons
 Y - a +0 shortbow (weapon)
Armour
 d - a +0 ring mail (worn)
Jewellery
 k - a ring of see invisible (left hand)
Scrolls
 a - a scroll of identify
Potions
 c - a potion of haste
 f - a potion of enlightenment
 g - a potion of heal wounds {unknown}
 h - a potion of curing
 j - a potion of mutation {unknown}

Dungeon Overview and Level Annotations

Branches:
Dungeon (3/15)              Sewer (1/1)

Altars:

Annotations:
D:2 1 runed translucent door, Crazy Yiuf Sewer Grinder


Message History

The bat barely misses you. The bat hits you but does no damage. x2
The giant cockroach barely misses you.
The kobold brigand hits you with a +0 dagger.
You shoot an arrow. The arrow hits the kobold brigand.
The kobold brigand is heavily wounded.
The bat barely misses you. The bat misses you. The bat hits you.
The giant cockroach closely misses you. The bat hits you but does no damage.
The kobold brigand hits you with a +0 dagger.
You shoot an arrow. The arrow hits the kobold brigand!
The kobold brigand is almost dead.
The bat completely misses you. The bat hits you. The bat closely misses you.
The giant cockroach barely misses you. The bat barely misses you.
The giant cockroach closely misses you.
The kobold brigand hits you with a +0 dagger.
You shoot an arrow.
The arrow hits the kobold brigand but does no damage.
The kobold brigand is almost dead.
The bat hits you but does no damage. x2; The bat misses you. x2
The giant cockroach closely misses you. The kobold brigand closely misses you.
The bat closely misses you.
Grinder blinks!
You shoot an arrow.
The arrow hits the kobold brigand but does no damage.
The kobold brigand is almost dead.
The bat hits you but does no damage. The bat barely misses you.
The bat completely misses you.
The giant cockroach bites you but does no damage.
The kobold brigand hits you with a +0 dagger.
The giant cockroach closely misses you.
You shoot an arrow. The arrow hits the kobold brigand.
The kobold brigand is almost dead.
The bat closely misses you. x2
The kobold brigand splashes around in the water.
The giant cockroach bites you but does no damage.
You shoot an arrow.
The arrow hits the kobold brigand but does no damage.
The kobold brigand is almost dead.
The bat hits you but does no damage. x2; Grinder blinks!
The giant cockroach barely misses you.
The kobold brigand hits you with a +0 dagger.
You die...

#~~~~~~~...#~~~~~~#
#~~~~~~#...#~~~~~~#
#~~~~~~#.).~~~~~~~#~~~#
#~~~~~~#...#.~~~~~#~~~#
#~~~~~...~...~~~~~#~~~#
#~~~~..#~~~#..~~~~#.~~#
#......#~~~#......#~~~#
#'#######~#######'#~~~#
#..5bb@#...#..)...#~~~#
#~~~~¤KBK...~~...~~~~~#
#~~~~~~#K5.#~~~~~~#~~~#
#########5#############
..# ... )..' ¤.'. 5.'.


You could see Grinder, 2 kobold brigands, a shadow imp, an ufetubus, a giant
cockroach, 2 bats and a kobold.

Vanquished Creatures
  A phantom (D:3)
  Terence (D:2)
  An adder (D:3)
  2 ufetubi (Sewer)
  An adder zombie (Sewer)
  2 worms (D:2)
  4 ball pythons
  6 bats
  3 endoplasms (D:2)
  6 giant cockroaches
  7 goblins
  3 hobgoblins
  2 quokkas
  4 frilled lizards
  19 kobolds
  4 rats
66 creatures vanquished.

Vanquished Creatures (others)
  A kobold zombie (Sewer)
1 creature vanquished.

Grand Total: 67 creatures vanquished

Notes
Turn   | Place    | Note
-------+----------+-------------------------------------------
     0 | D:1      | qw the Deep Elf Hunter began the quest for the Orb.
     0 | D:1      | Reached XP level 1. HP: 12/12 MP: 3/3
     0 | D:1      | 0 ||| qw: Version: 0.3-a-22-g0ed2b0b
     0 | D:1      | 0 ||| qw: Game counter: 5112
     0 | D:1      | 0 ||| qw: Melee chars always use a shield: true
     0 | D:1      | 0 ||| qw: God list: Okawaru
     0 | D:1      | 0 ||| qw: Allow faded altars: false
     0 | D:1      | 0 ||| qw: Do Orc after clearing Dungeon:15 true
     0 | D:1      | 0 ||| qw: Do second Lair branch before Depths: true
     0 | D:1      | 0 ||| qw: Lair rune preference: random
     0 | D:1      | 0 ||| qw: Goals: Normal
     0 | D:1      | 0 ||| PLANNING D:1-11
   187 | D:1      | Found a faded altar of an unknown god.
   232 | D:1      | Reached XP level 2. HP: 16/16 MP: 4/4
   350 | D:1      | Reached skill level 6 in Ranged Weapons
   631 | D:1      | 631 ||| UPGRADING to +0 ring mail.
   641 | D:1      | 641 ||| DROPPING +0 leather armour.
   642 | D:1      | 642 ||| READING 2 scrolls labelled BIMEMA POWO.
   643 | D:1      | 643 ||| READING scroll labelled DYJO RU YHIRI.
   644 | D:1      | 644 ||| DROPPING scroll of butterflies.
   762 | D:2      | Reached XP level 3. HP: 20/20 MP: 5/5
   845 | D:2      | Found a runed translucent door.
   846 | D:2      | Noticed Crazy Yiuf
  1078 | D:2      | Reached skill level 7 in Ranged Weapons
  1134 | D:2      | Noticed Terence
  1145 | D:2      | Killed Terence
  1146 | D:2      | Reached XP level 4. HP: 10/25 MP: 6/6
  1321 | D:2      | 1321 ||| READING scroll labelled UCAIGH NABU.
  1322 | D:2      | 1322 ||| READING scroll labelled HEMA KADISIOD.
  1323 | D:2      | 1323 ||| READING 2 scrolls labelled JARUGUL IHOAL.
  1374 | D:2      | 1374 ||| READING scroll labelled EBATIO WULUF.
  1418 | D:2      | 1418 ||| DRINKING 2 yellow potions.
  1440 | D:3      | 1440 ||| PLANNING SEWER
  1519 | D:3      | Noticed a phantom
  1534 | D:3      | Killed a phantom
  1535 | D:3      | Reached skill level 8 in Ranged Weapons
  1535 | D:3      | Reached XP level 5. HP: 17/29 MP: 7/7
  1713 | D:3      | Found a glowing drain.
  1714 | D:3      | 1714 ||| UPGRADING to ring of see invisible.
  1715 | D:3      | 1715 ||| READING 2 scrolls labelled VUROC USOYD.
  1716 | D:3      | 1716 ||| DRINKING 2 fizzy cyan potions.
  1717 | D:3      | 1717 ||| DRINKING 2 fuming grey potions.
  1758 | D:3      | 1758 ||| READING 2 scrolls of identify.
  1758 | D:3      | 1758 ||| IDENTIFYING viscous cyan potion
  1759 | D:3      | 1759 ||| DROPPING scroll of fog.
  1760 | D:3      | 1760 ||| DROPPING potion of lignification.
  1795 | Sewer    | Entered a sewer
  2014 | Sewer    | HP: 5/29 [shadow imp/nerve-wracking pain (12)]
  2015 | Sewer    | 2015 ||| READING scroll of teleportation.
  2177 | Sewer    | Reached skill level 9 in Ranged Weapons
  2177 | Sewer    | 2177 ||| Stepping ~*~*~tactically~*~*~ (outnumbered).
  2181 | Sewer    | Noticed Grinder
  2188 | Sewer    | HP: 6/29 [kobold brigand/+0 dagger (2)]
  2190 | Sewer    | HP: 1/29 [kobold brigand/+0 dagger (5)]
  2192 | Sewer    | Slain by a kobold brigand

Levels and vault maps discovered:
D:1:      dpeg_arrival_rhombi, layout_basic,
          hellmonk_ecumenical_altar_arch_garden
D:2:      layout_rooms, uniq_crazy_yiuf_cottage, uniq_terence
D:3:      layout_basic, zin_angel, gammafunk_temple_overflow_elements,
          gup_sewer_entry_glass, hangedman_decor_riveting, minmay_door_square,
          kennysheep_cross_bottleneck
Sewer:    kennysheep_sewer_church

Skill      XL: |  1  2  3  4  5 |
---------------+----------------+-----
Ranged Weapons | 6 7 8 9 |  9.0
Fighting       | |  1.5
Dodging        | |  2.4
Stealth        | |  1.2

Action                     |  1- 3 |  4- 6 || total
---------------------------+-------+-------++-------
   Fire: Shortbow          |    95 |   134 ||   229
    Use: Scroll            |     2 |     7 ||     9
         Potion            |       |     3 ||     3
 Armour: Leather armour    |     3 |       ||     3
         Ring mail         |     4 |    67 ||    71
  Dodge: Dodged            |    22 |    93 ||   115

Table legend:
 A = Non-vault XP
 B = Vault XP
 C = Vault XP percentage of total XP
 D = Non-vault monster count
 E = Vault monster count
 F = Vault count percentage of total count
                 A         B        C        D         E       F
            +---------+---------+-------+---------+---------+-------
      Total |     187 |      93 |  33.2 |      46 |      20 |  30.3
            +---------+---------+-------+---------+---------+-------
        D:1 |      24 |       0 |   0.0 |      15 |       0 |   0.0
        D:2 |      42 |      36 |  46.2 |      21 |       1 |   4.5
        D:3 |     121 |      19 |  13.6 |      10 |       4 |  28.6
      Sewer |       0 |      38 | 100.0 |       0 |      15 | 100.0
            +---------+---------+-------+---------+---------+-------
